 Dungeon Sprint DCSS version 0.30.1-11-g7821555f0a (webtiles) character file.

Game seed: 6179926640839880639

9 DiggyJ the Cudgeller (level 2, -1/45 HPs)
             Began as a Naga Berserker on Jan 8, 2024.
             Was a Believer of Trog.
             Succumbed to a scorpion's poison
             ... in the Dungeon (Sprint IX: "|||||||||||||||||||||||||||||").
             The game lasted 00:00:23 (74 turns).

DiggyJ the Cudgeller (Naga Berserker)                 Turns: 74, Time: 00:00:23

Health: -1/45      AC:  1    Str: 19    XL:     2   Next: 16%
Magic:  2/2        EV: 10    Int:  7    God:    Trog [**....]
Gold:   0          SH:  0    Dex: 10    Spells: 1/1 levels left

rFire   . . .        a - +0 mace
rCold   . . .        (no shield)
rNeg    . . .        b - +0 animal skin
rPois   +            (no helmet)
rElec   .            (no cloak)
rCorr   .            (no gloves)
SInv    +            (no barding)
Will    .....        (no amulet) Stlth
                     (no ring)
HPRegen 0.27/turn    (no ring)
MPRegen 0.08/turn

%: no teleportation
@: berserking, lethally poisoned (-1 -> -9), quick
A: AC +0, large, see invisible, deformed body, poison resistance, slowness 2,
spit poison 1, naga tail 1
a: Spit Poison, Renounce Religion, Berserk, Trog's Hand


You were in the Dungeon.
You worshipped Trog.
Trog was pleased with you.
You visited 1 branch

Inventory:

Hand Weapons
 a - a +0 mace (weapon)
Armour
 b - a +0 animal skin (worn)
Scrolls
 h - a scroll of blinking
Potions
 c - a potion of curing
 d - a potion of heal wounds
 e - a potion of haste
 f - 2 potions of magic
 g - a potion of berserk rage


   Skills:
 + Level 3.8 Fighting
 + Level 4.2 Maces & Flails
 + Level 1.8 Armour
 + Level 1.9 Dodging


You had one spell level left.
You didn't know any spells.
Your spell library was empty.

Dungeon Overview and Level Annotations

Branches:
Dungeon (1/1)

Altars:


Innate Abilities, Weirdness & Mutations

Your serpentine skin is tough. (AC +0)
You have supernaturally acute eyesight. (SInv)
Armour fits poorly on your strangely shaped body.
Your system is resistant to poisons. (rPois)
You cover ground very slowly.
You can spit poison.
You have a snake-like lower body.


Message History

Items here: ††††.
There is an open door to the Dungeon here.
Items here: ††††.
There is a staircase leading out of the dungeon here.
There is an open door to the Dungeon here.
Items here: ††††.
You open the door.
An ufetubus, a scorpion, a jelly, a water moccasin and an orc come into view.
The ufetubus shouts!
The water moccasin hisses angrily.
The orc shouts!
The jelly quivers.
The ufetubus attacks as you move away! The ufetubus hits you.
The ufetubus barely misses you. The ufetubus closely misses you.
The ufetubus hits you. The ufetubus barely misses you. The ufetubus hits you.
A red film seems to cover your vision as you go berserk!
You feel yourself moving faster!
You feel mighty! The ufetubus hits you.
* * * LOW HITPOINT WARNING * * *
The ufetubus barely misses you.
You hit the ufetubus.
The ufetubus is heavily wounded.
The ufetubus hits you.
* * * LOW HITPOINT WARNING * * *
The ufetubus barely misses you. The ufetubus closely misses you. x2
You hit the ufetubus.
You kill the ufetubus!
Trog accepts your kill.
Your Maces & Flails skill increases to level 4!
You have reached level 2!
Unknown command.
You barely miss the scorpion.
The scorpion stings you but does no damage.
You hit the scorpion.
The scorpion is lightly wounded.
The scorpion stings you.
* * * LOW HITPOINT WARNING * * *
You are lethally poisoned!
The scorpion poisons you!
Unknown command.
You barely miss the scorpion.
The scorpion is lightly wounded.
You die...

▓<▓
▓.▓
▓.▓
▓.▓
▓†▓
▓.▓
▓.▓
▓.▓
▓@▓
▓s▓
▓J▓
▓S▓
▓o▓
▓.▓
▓.▓
▓.▓
▓+▓


You could see a water moccasin, a scorpion, a jelly and an orc.

Vanquished Creatures
  An ufetubus (D)
  A hobgoblin (D)
  A ball python (D)
  A bat (D)
  2 rats (D)
6 creatures vanquished.

Notes
Turn   | Place    | Note
-------+----------+-------------------------------------------
     0 | D        | DiggyJ the Naga Berserker began the quest for the Orb.
     0 | D        | Reached XP level 1. HP: 21/21 MP: 1/1
    16 | D        | Reached ** piety under Trog
    67 | D        | Noticed a scorpion
    67 | D        | Noticed a jelly
    67 | D        | Noticed a water moccasin
    72 | D        | Reached skill level 4 in Maces & Flails
    72 | D        | Reached XP level 2. HP: 6/30 MP: 2/2
    73 | D        | HP: 1/45 [scorpion (6)]
    74 | D        | Succumbed to a scorpion's poison

Illustrated notes

Levels and vault maps discovered:
D:        linesprint [early_d, line_temple, items_1, d_10, items_2, lair_1,
          lair_end, items_3, orc_1, orc_end, items_4, d_15, swamp_1, shoals_1,
          snake_1, spider_1, d_20, vaults_1, items_5, swamp_end, shoals_end,
          snake_end, spider_end, vaults_end, d_27, items_6, zot_1, zot_end,
          crypt_end, forest_end, elf_end, slime_end, tomb_end, abyss_end,
          pan_hell_end]

Skill      XL: |  1 |
---------------+----+-----
Maces & Flails | 4 |  4.2
Fighting       | |  3.8
Armour         | |  1.8
Dodging        | |  1.9

Action                     || total
---------------------------++-------
  Melee: Mace              ||    24
 Invoke: Berserk           ||     1
 Armour: Animal skin       ||     2
  Dodge: Dodged            ||    18
